Map: [ESL] Babylon

Players

Scarlett

  • Race: Zerg Zerg

Classic - Winner!

  • Race: Protoss Protoss

Event: IEM Katowice 2023

VOD

Have the link to the VOD?

Description

Time

  • Played on: Feb. 8, 2023, 5:24 a.m.
  • Length: 6:35

All games in this series

Show
View Real Time Build Order
Export as new Build Order

Scarlett Zerg 

Build Orders: Hatch First 

Get SALT Encoding   

  12  0:00  Drone  
  13  0:12  Overlord  
  13  0:17  Drone  
  14  0:30  Drone x2  
  17  0:42  Drone  
  17  0:51  Hatchery  
  17  0:54  Drone  
  17  0:59  Drone  
  18  1:09  Extractor  
  17  1:15  Spawning Pool  
  17  1:16  Drone  
  17  1:20  Drone  
  18  1:27  Drone  
  19  1:39  Drone  
  20  1:48  Overlord  
  20  2:01  Queen  
  20  2:05  Queen, Zergling x2  
  20  2:06  Drone  
  26  2:12  Metabolic Boost  
  26  2:14  Zergling x2  
  27  2:16  Drone  
  29  2:22  Drone  
  29  2:26  Drone  
  30  2:33  Drone  
  31  2:42  Drone  
  31  2:43  Hatchery  
  31  2:47  Queen  
  33  2:53  Overlord  
  33  2:55  Drone  
  33  2:58  Drone  
  35  3:01  Drone  
  36  3:10  Overlord  
  36  3:11  Queen  
  36  3:12  Drone  
  39  3:15  Drone x2  
  39  3:18  Drone  
  39  3:19  Drone  
  43  3:21  Drone  
  43  3:25  Overlord  
  44  3:37  Overlord  
  44  3:43  Queen  
  44  3:47  Drone x5  
  51  3:54  Queen  
  51  3:55  Queen, Spore Crawler  
  52  3:58  Overlord  
  52  4:01  Drone  
  56  4:02  Drone  
  56  4:05  Drone  
  56  4:06  Drone  
  58  4:14  Drone  
  58  4:15  Drone x2  
  61  4:18  Spore Crawler  
  61  4:22  Drone x6  
  66  4:28  Drone  
  66  4:29  Drone x3  
  70  4:36  Lair  
  70  4:37  Roach Warren  
  69  4:39  Drone  
  69  4:41  Extractor, Overlord  
  69  4:45  Drone x3  
  69  4:48  Drone, Spore Crawler  
  72  4:53  Zergling x4  
  72  4:58  Zergling x2  
  72  4:59  Drone x4, Zergling x2  
  72  5:09  Drone x7  
  78  5:15  Drone x2  
  78  5:19  Extractor  
  78  5:20  Drone  
  80  5:24  Extractor  
  80  5:25  Extractor, Drone x2  
  80  5:27  Evolution Chamber  
  79  5:30  Drone x3  
  79  5:31  Overlord  
  79  5:35  Hatchery  
  81  5:36  Overlord  
  81  5:41  Overlord  
  80  5:44  Overlord  
  79  5:51  Extractor, Drone x2  
  79  5:52  Drone  
  79  5:54  Overlord  
  79  5:55  Roach  
  83  5:59  Roach x2  
  87  6:05  Roach x2  
  91  6:13  Roach x3  
  91  6:14  Zergling x4  
  91  6:18  Zergling x2  
Show
View Real Time Build Order
Export as new Build Order

Classic Protoss - Winner!

Build Orders: 1 Gate Expand, Oracle Opening 

Get SALT Encoding   

  12  0:00  Probe  
  13  0:13  Pylon  
  13  0:17  Probe (Chrono Boost)  
  14  0:26  Probe (Chrono Boost)  
  15  0:31  Probe (Chrono Boost)  
  16  0:39  Gateway  
  16  0:43  Probe  
  17  0:51  Assimilator  
  17  0:55  Probe  
  18  1:07  Probe  
  19  1:20  Probe  
  20  1:26  Nexus  
  20  1:32  Probe  
  21  1:40  Cybernetics Core  
  21  1:44  Probe  
  22  1:50  Assimilator  
  22  1:55  Pylon  
  22  1:58  Probe  
  23  2:13  Probe, Adept (Chrono Boost)  
  24  2:20  Stargate  
  26  2:25  Probe  
  27  2:36  Stalker  
  29  2:38  Probe x2 (Chrono Boost)  
  31  2:47  Probe (Chrono Boost)  
  31  2:48  Probe (Chrono Boost)  
  33  2:52  Probe (Chrono Boost), Warp Gate  
  33  2:53  Probe (Chrono Boost)  
  35  3:04  Probe x2, Oracle (Chrono Boost)  
  40  3:14  Pylon  
  40  3:16  Probe  
  40  3:17  Probe  
  42  3:20  Gateway  
  44  3:28  Probe  
  44  3:29  Probe  
  46  3:36  Oracle (Chrono Boost)  
  46  3:40  Probe  
  46  3:41  Probe  
  51  3:48  Nexus  
  49  3:53  Robotics Facility  
  49  3:57  Pylon  
  49  3:59  Probe  
  49  4:00  Probe  
  51  4:03  Assimilator  
  51  4:06  Assimilator  
  51  4:12  Probe x2  
  53  4:21  Pylon  
  53  4:25  Probe  
  55  4:33  Gateway x2  
  55  4:37  Immortal (Chrono Boost)  
  54  4:39  Adept x2  
  62  4:50  Gateway  
  62  4:51  Gateway  
  62  5:01  Sentry x2  
  62  5:04  Gateway  
  62  5:06  Warp Prism (Chrono Boost)  
  68  5:22  Pylon  
  68  5:27  Sentry x2, Stalker x2  
  76  5:29  Probe x3  
  79  5:39  Pylon x2  
  80  5:50  Stalker x4  
  87  5:57  Pylon  
  87  6:05  Stalker x3  
  93  6:13  Stalker x2  
  93  6:16  Sentry  
  93  6:17  Sentry  
  101  6:31  Stalker x4  

Tags
 
Add a new tag
Caveats
  • Supply blocks, unpowered buildings, or Contaminate may cause inaccurate times.
  • Supply counts are checked every 10 seconds.